 Dungeon Crawl Stone Soup version 0.30.1-11-g7821555f0a (webtiles) character file.

Game seed: 7143278645320356948

5873 flappity the Fighter (level 11, -5/73 HPs)
             Began as a Kobold Hexslinger on Nov 16, 2023.
             Was a Follower of Uskayaw.
             Killed from afar by a gargoyle (10 damage)
             ... with a stone arrow
             ... on level 9 of the Dungeon on Nov 30, 2023.
             The game lasted 01:08:27 (15262 turns).

flappity the Fighter (Kobold Hexslinger)           Turns: 15262, Time: 01:08:27

Health: -5/73      AC: 13    Str: 13    XL:     11   Next: 8%
Magic:  19/19      EV: 19    Int: 16    God:    Uskayaw [*.....]
Gold:   490        SH:  0    Dex: 19    Spells: 19/20 levels left

rFire   . . .        b - +1 sling (freeze)
rCold   + . .        (no shield)
rNeg    . . .        T - +0 steam dragon scales
rPois   .            j - +1 helmet
rElec   .            (no cloak)
rCorr   .            m - +0 pair of gloves
SInv    .            i - +0 pair of boots
Will    .....        (no amulet)
Stlth   +++          o - ring of protection from cold
HPRegen 0.32/turn    s - +6 ring of strength
MPRegen 0.16/turn

%: no passive effects
@: no status effects
A: small, no large weapons, nightstalker 3, iridescent scales 1, screaming 1
a: Renounce Religion, Stomp


You were on level 9 of the Dungeon.
You worshipped Uskayaw.
Uskayaw was noncommittal.
You visited 1 branch of the dungeon, and saw 9 of its levels.
You also visited: Sewer and Bailey.

You collected 546 gold pieces.
You spent 56 gold pieces at shops.


Innate Abilities, Weirdness & Mutations

You are small and have problems with some larger weapons.
You are completely attuned to the shadows.
You are partially covered in iridescent scales. (AC +2)
You occasionally shout uncontrollably at your foes.


   Skills:
 * Level 10.5 Fighting
 - Level 8.0 Ranged Weapons
 + Level 6.6 Armour
 + Level 6.6 Dodging
 + Level 5.4 Spellcasting
 * Level 4.0 Hexes


You had 19 spell levels left.
You knew the following spells:

 Your Spells              Type           Power      Damage    Failure   Level
s - Slow                  Hex            68%        N/A       2%          1

Your spell library contained the following spells:

 Spells                   Type           Power      Damage    Failure   Level
 Apportation              Tloc           8%         N/A       14%         1
 Beastly Appendage        Tmut           8%         N/A       14%         1
 Necrotise                Necr           16%        1d4       14%         1
 Summon Small Mammal      Summ           16%        N/A       14%         1
 Inner Flame              Hex/Fire       10%        N/A       19%         3
 Portal Projectile        Hex/Tloc       20%        N/A       19%         3
 Wereblood                Tmut           4%         N/A       22%         2
 Cause Fear               Hex            8%         N/A       28%         4
 Mephitic Cloud           Conj/Pois/Air  4%         N/A       41%         3
 Spider Form              Tmut/Pois      4%         N/A       41%         3
 Vhi's Electric Charge    Tloc/Air       8%         N/A       41%         3
 Volatile Blastmotes      Fire/Tloc      8%         2d10      41%         3
 Arcjolt                  Conj/Air       2%         1d12      99%         5
 Irradiate                Conj/Tmut      2%         3d12      99%         5
 Plasma Beam              Fire/Air       2%         2x1d13    100%        6
 Chain Lightning          Conj/Air       2%         3d2       100%        9

Inventory:

Hand Weapons
 a - a +2 dagger of venom
   (You took it off an orc on level 4 of the Dungeon)
 b - a +1 sling of freezing (weapon)
   (You found it on level 1 of the Dungeon)
 G - a +0 vampiric whip
   (You took it off a gnoll on level 4 of the Dungeon)
 J - a +0 shortbow
 Q - the +5 flail "Xeikh" {spect, Str+2 Int+4}
   (You found it on level 9 of the Dungeon)

   Str:       It affects your strength (+2).
   Int:       It affects your intelligence (+4).
Missiles
 z - 6 boomerangs
 F - a curare-tipped dart
 H - 4 atropa-tipped darts
Armour
 c - a +0 robe
 i - a +0 pair of boots (worn)
 j - a +1 helmet (worn)
 m - a +0 pair of gloves (worn)
 n - a +0 plate armour
 t - a +0 chain mail
 M - a +1 leather armour of cold resistance
   (You took it off an orc on level 5 of the Dungeon)
 T - +0 steam dragon scales (worn)
Jewellery
 o - a ring of protection from cold (left hand)
 s - a +6 ring of strength (right hand)
 u - a ring of poison resistance
 O - a ring of fire
Wands
 f - a wand of roots (5)
 h - a wand of charming (4)
 C - a wand of polymorph (4)
 S - a wand of flame (10)
Scrolls
 e - 6 scrolls of poison
 k - 5 scrolls of noise
 q - 4 scrolls of magic mapping
 r - 3 scrolls of enchant weapon
 w - 6 scrolls of identify
 y - a scroll of fog {unknown}
 B - a scroll of immolation
 D - 3 scrolls of teleportation
 E - 3 scrolls of amnesia
 P - a scroll of acquirement
 R - a scroll of enchant armour
Potions
 d - 4 potions of mutation
 g - a potion of ambrosia {unknown}
 l - 2 potions of flight
 p - 2 potions of attraction
 v - a potion of berserk rage {unknown}
 x - a potion of invisibility
 A - a potion of magic
 I - 2 potions of haste
 K - a potion of curing
 L - a potion of might
 N - 2 potions of lignification


Message History

You take 11 damage.
Your +2 dagger of venom stops dripping with poison.
Your +1 sling of freezing is covered in frost.
b - a +1 sling of freezing (weapon)
You are too injured to fight recklessly!
Fire: b) +1 sling (freeze)
Press: ? - help, Q - select action, (/) - cycle Shift-Dir - straight line, f/p - gargoyle
Aim: a gargoyle, wielding a +0 mace (moderately damaged, 80% to hit)
You shoot a sling bullet.
The sling bullet hits the gargoyle but does no damage.
The gargoyle is moderately damaged.
The gargoyle completely misses you.
Fire: b) +1 sling (freeze)
Press: ? - help, Q - select action, (/) - cycle Shift-Dir - straight line, f/p - gargoyle
Aim: a gargoyle, wielding a +0 mace (moderately damaged, 80% to hit)
You shoot a sling bullet.
The sling bullet hits the gargoyle but does no damage.
The gargoyle is moderately damaged.
The gargoyle closely misses you.
Fire: b) +1 sling (freeze)
Press: ? - help, Q - select action, (/) - cycle Shift-Dir - straight line, f/p - gargoyle
Aim: a gargoyle, wielding a +0 mace (moderately damaged, 80% to hit)
You shoot a sling bullet.
The sling bullet hits the gargoyle but does no damage.
The gargoyle is moderately damaged.
The gargoyle hits you with a +0 mace.
You take 4 damage.
Fire: b) +1 sling (freeze)
Press: ? - help, Q - select action, (/) - cycle Shift-Dir - straight line, f/p - gargoyle
Aim: a gargoyle, wielding a +0 mace (moderately damaged, 80% to hit)
You shoot a sling bullet.
The sling bullet barely misses the gargoyle.
The gargoyle hurls a stone arrow at you.
The stone arrow hits you!
You take 17 damage.
Fire: b) +1 sling (freeze)
Press: ? - help, Q - select action, (/) - cycle Shift-Dir - straight line, f/p - gargoyle
Aim: a gargoyle, wielding a +0 mace (moderately damaged, 80% to hit)
You shoot a sling bullet.
The sling bullet hits the gargoyle but does no damage.
The gargoyle is moderately damaged.
The gargoyle hits you with a +0 mace!
You take 12 damage.
The gargoyle hurls a stone arrow at you.
The stone arrow hits you.
There is an open door here.
You take 6 damage.
The gargoyle hurls a stone arrow at you.
The stone arrow hits you!
You die...

▒∙∙∙∙∙∙∙∙∙∙∙∙∙∙∙∙∙∙∙∙∙∙∙∙∙∙∙∙
▒∙∙∙∙∙∙∙∙∙∙∙∙∙∙∙∙∙∙∙∙∙∙∙∙∙∙∙∙
▒∙∙∙∙∙∙∙∙▒▒∙∙∙∙▒▒∙∙▒▒∙∙∙∙∙▒▒▒
▒∙∙∙∙∙∙∙∙▒▒∙∙∙∙▒▒▒▒▒▒∙∙∙∙∙▒▒▒
▒∙∙∙∙∙∙∙∙▒∙∙∙∙∙∙∙∙∙∙∙∙∙∙∙∙∙∙▒
▒∙∙∙∙∙∙∙∙▒∙∙∙∙∙∙∙∙∙∙∙∙∙∙∙∙∙∙▒
▒∙∙∙∙∙∙∙∙▒∙∙∙∙∙∙∙∙∙∙∙∙∙∙∙∙∙∙'
▒▒▒▒▒▒▒'▒▒▒▒∙>∙∙∙∙∙∙∙∙∙∙∙∙∙∙∙▒
▒∙∙∙∙∙∙∙∙∙∙▒∙K∙∙∙∙∙∙∙∙∙∙∙∙∙>∙▒
▒∙∙∙∙∙∙∙∙∙∙▒▒▒'▒▒▒▒▒▒▒∙∙▒▒∙∙∙▒
▒∩)∙∙∙∙∙∙∙∙∙∙∙∙∙∙∙∙▒▒▒▒▒▒▒∙∙∙▒
▒∙∙∙▒▒∙∙∙∙∙∙∙∙∙∙9∙∙▒∙∙∙∙∙∙∙∙∙∙
▒▒▒▒∙∙∙∙∙∙∙∙∙∙∙∙∙∙∙∙∙∙▒∙∙∙∙∙∙∙∙∙∙
∙∙∙▒∙∙∙∙∙∙∙∙∙∙∙∙▒▒▒▒▒∙▒∙∙∙∙∙∙∙∙∙∙
∙∙∙▒∙∙∙∙∙∙∙∙∙∙∙∙▒ ∙▒∙∙∙∙∙∙∙∙∙∙
∙∙∙▒∙∙∙∙∙∙∙∙∙∙∙∙▒ ∙▒∙∙∙∙∙∙∙∙∙∙
∙∙∙▒▒▒▒'▒▒▒▒▒▒∙∙∙ ∙▒▒▒▒▒▒■▒▒▒▒


You could see a gargoyle.

Vanquished Creatures
  Erica (D:8)
  A hornet (D:9)
  Grinder (D:3)
  A wyvern (D:7)
  A yak (D:8)
  2 steam dragons
  Grum (D:9)
  Menkaure (D:7)
  3 water moccasins (D:6)
  2 ice beasts
  4 orc warriors
  4 sky beasts
  3 black bears
  4 ogres
  3 wolves (D:9)
  A centaur (D:5)
  A phantom (D:4)
  A kobold brigand (D:8)
  6 bullfrogs
  A scorpion (D:5)
  A gnoll sergeant (D:8)
  3 killer bees (D:7)
  3 howler monkeys
  An electric eel (D:8)
  3 hounds
  Ijyb (D:3)
  2 iguanas
  Jessica (D:3)
  A gnoll bouda (D:4)
  6 orc wizards
  Natasha (thrice) (D:3)
  22 gnolls
  11 adders
  5 river rats (Sewer)
  2 white imps
  An ufetubus (D:7)
  2 worms
  38 orcs
  8 endoplasms
  2 giant cockroaches (D:4)
  13 goblins
  6 hobgoblins
  3 jackals (D:3)
  6 quokkas
  19 ball pythons
  8 bats
  6 frilled lizards
  16 kobolds
  17 rats
252 creatures vanquished.

Vanquished Creatures (others)
  A wolf (D:9)
1 creature vanquished.

Grand Total: 253 creatures vanquished

Notes
Turn   | Place    | Note
-------+----------+-------------------------------------------
     0 | D:1      | flappity the Kobold Hexslinger began the quest for the Orb.
     0 | D:1      | Reached XP level 1. HP: 12/12 MP: 2/2
    60 | D:1      | Found a faded altar of an unknown god.
   105 | D:1      | Prayed at the altar of an unknown god.
   105 | D:1      | Became a worshipper of Uskayaw the Reveller
   105 | D:1      | Reached * piety under Uskayaw
   137 | D:1      | Found Vacretex's Weapon Boutique.
   483 | D:1      | Reached XP level 2. HP: 16/16 MP: 1/3
   543 | D:1      | Reached ** piety under Uskayaw
   554 | D:1      | Reached skill level 3 in Ranged Weapons
   862 | D:1      | Reached XP level 3. HP: 20/20 MP: 5/5
  1488 | D:2      | Reached skill level 3 in Dodging
  2317 | D:3      | Noticed Grinder
  2591 | D:3      | Reached XP level 4. HP: 11/26 MP: 3/6
  2696 | D:3      | Found a runed translucent gate.
  2696 | D:3      | Found a runed translucent gate.
  2696 | D:3      | Found a runed translucent gate.
  2699 | D:3      | Noticed jagang's ghost (amateur BaMo)
  2832 | D:3      | Reached skill level 2 in Fighting
  2923 | D:3      | Noticed Natasha
  2929 | D:3      | Killed Natasha
  3104 | D:1      | Bought a +0 morningstar for 56 gold pieces
  3224 | D:3      | Reached XP level 5. HP: 31/31 MP: 5/7
  3306 | D:3      | Noticed Jessica
  3308 | D:3      | Killed Jessica
  3395 | D:3      | Reached skill level 3 in Fighting
  3579 | D:3      | Reached skill level 4 in Ranged Weapons
  3669 | D:3      | Gained mutation: You are partially covered in iridescent
                  | scales. (AC +2) [potion of mutation]
  3669 | D:3      | Gained mutation: You occasionally shout uncontrollably at
                  | your foes. [potion of mutation]
  3670 | D:3      | HP: 4/32 [Grinder/nerve-wracking pain (13)]
  3676 | D:3      | HP: 5/32 [Grinder (6)]
  3681 | D:3      | Paralysed by Grinder for 2 turns
  3690 | D:3      | Reached *** piety under Uskayaw
  3691 | D:3      | Killed Grinder
  3692 | D:3      | Reached skill level 4 in Fighting
  3692 | D:3      | Reached skill level 1 in Armour
  3692 | D:3      | Reached skill level 4 in Dodging
  3692 | D:3      | Reached XP level 6. HP: 22/38 MP: 8/8
  3845 | D:3      | Noticed Natasha
  3859 | D:3      | Killed Natasha
  3860 | D:3      | Reached XP level 7. HP: 33/43 MP: 9/9
  4017 | D:3      | Noticed Natasha
  4027 | D:3      | Killed Natasha
  4139 | D:4      | Reached skill level 5 in Ranged Weapons
  4139 | D:4      | Reached skill level 2 in Armour
  4463 | D:3      | Noticed Ijyb
  4482 | D:3      | Killed Ijyb
  4564 | D:4      | Found a glowing drain.
  4570 | Sewer    | Entered a sewer
  4617 | Sewer    | Reached skill level 5 in Fighting
  4941 | Sewer    | HP: 13/44 [bullfrog (3)]
  4943 | Sewer    | HP: 3/44 [spore (36)]
  4944 | Sewer    | Reached skill level 5 in Dodging
  4944 | Sewer    | Reached XP level 8. HP: 3/50 MP: 10/10
  5198 | D:4      | Found a staircase to the Ecumenical Temple.
  5231 | D:4      | HP: 5/50 [ogre/+0 giant club (17)]
  5600 | D:4      | Reached skill level 6 in Fighting
  5604 | D:4      | Reached **** piety under Uskayaw
  6045 | D:5      | Entered Level 5 of the Dungeon
  6067 | D:4      | Reached skill level 6 in Ranged Weapons
  6067 | D:4      | Reached skill level 3 in Armour
  6358 | D:5      | Found a runed translucent door.
  6361 | D:5      | Noticed Crazy Yiuf
  6886 | D:5      | Reached skill level 6 in Dodging
  6886 | D:5      | Reached XP level 9. HP: 54/56 MP: 11/11
  6909 | D:5      | Reached skill level 7 in Fighting
  7257 | D:5      | Reached skill level 7 in Ranged Weapons
  7913 | D:6      | HP: 16/57 [poisoned by a water moccasin]
  7916 | D:6      | Reached skill level 4 in Armour
  7918 | D:6      | HP: 10/58 [poisoned by a water moccasin]
  7923 | D:6      | HP: 8/58 [poisoned by a water moccasin]
  8176 | D:6      | Found Xetecamp's Jewellery Shoppe.
  8373 | D:6      | Reached skill level 8 in Fighting
  9479 | D:6      | Reached skill level 5 in Armour
  9678 | D:6      | Found a runed translucent door.
  9756 | D:6      | Found a shimmering blue altar of Sif Muna.
  9771 | D:6      | Reached skill level 8 in Ranged Weapons
 10058 | D:7      | Identified a scroll of acquirement
 10156 | D:7      | Reached skill level 2 in Spellcasting
 10156 | D:7      | Reached XP level 10. HP: 65/65 MP: 11/13
 10198 | D:7      | Reached skill level 9 in Fighting
 10270 | D:7      | Found a runed translucent gate.
 10272 | D:7      | Found a runed translucent gate.
 10273 | D:7      | Found a runed translucent gate.
 10273 | D:7      | Noticed rundlesten's ghost (novice OpHW)
 10448 | D:7      | Noticed Menkaure
 10451 | D:7      | Killed Menkaure
 10621 | D:7      | Reached skill level 3 in Spellcasting
 11439 | D:7      | You fall into a shaft and drop 1 floor!
 11451 | D:8      | Noticed Erica
 11463 | D:8      | HP: 18/66 [something/bolt of poison (15)]
 11466 | D:8      | HP: 1/66 [something (10)]
 11468 | D:8      | Killed Erica
 11469 | D:8      | Reached skill level 6 in Armour
 11469 | D:8      | Reached skill level 4 in Spellcasting
 11476 | D:8      | HP: 16/67 [gnoll/+0 spear (4)]
 11477 | D:8      | Reached ***** piety under Uskayaw
 11482 | D:8      | Found a flagged portal.
 11617 | Bailey   | Entered a bailey
 11964 | Bailey   | Noticed an orc knight
 12481 | D:8      | Got Nunwuwag's Secrets of the Blaze and Bruises
 12665 | D:8      | Reached skill level 10 in Fighting
 12697 | D:8      | HP: 20/68 [poisoned by a kobold brigand (curare-tipped
                  | dart)]
 12970 | D:8      | Found a snail-covered altar of Cheibriados.
 13008 | D:8      | Found a shadowy altar of Dithmenos.
 13226 | D:8      | Reached skill level 5 in Spellcasting
 13727 | D:9      | Noticed a two-headed ogre
 14013 | D:9      | Found Hauq's Book Shoppe.
 14054 | D:9      | Found Xani's Book Boutique.
 14127 | D:9      | Found Binurph's Book Shoppe.
 14159 | D:9      | Identified the +5 flail "Xeikh" {spect, Str+2 Int+4}
 14293 | D:9      | Found Voxzunt's Antique Weapon Emporium.
 14387 | D:9      | Noticed Grum
 14423 | D:9      | HP: 15/68 [Grum/-1 halberd of protection (11)]
 14425 | D:9      | HP: 6/68 [wolf[Grum] (8)]
 14428 | D:9      | HP: 2/68 [wolf[Grum] (5)]
 14450 | D:9      | HP: 3/68 [wolf[Grum] (3)]
 14470 | D:9      | HP: 12/68 [wolf[Grum] (2)]
 14653 | D:9      | Paralysed by a hornet for 2 turns
 14656 | D:9      | Paralysed by a hornet for 1 turns
 14659 | D:9      | Reached XP level 11. HP: 22/73 MP: 18/18
 14659 | D:9      | HP: 21/73 [poisoned by a hornet]
 14664 | D:9      | HP: 17/73 [poisoned by a hornet]
 14939 | D:9      | Killed Grum
 15111 | D:9      | Found Yphuc's Magic Scroll Shop.
 15150 | D:9      | Reached skill level 4 in Hexes
 15260 | D:9      | HP: 11/73 [gargoyle/+0 mace (13)]
 15261 | D:9      | HP: 5/73 [gargoyle/stone arrow (6)]
 15262 | D:9      | Killed from afar by a gargoyle

Levels and vault maps discovered:
D:1:      enne_arrival_octagon_isle, layout_basic, serial_shops, shop_statue,
          basic_ecumenical_altar, minivault_19, dreamdust_princess_bridge
D:2:      layout_basic
D:3:      layout_loops_corners, ebering_ghost_rock_garden, st_stairs_14,
          kennysheep_doodads, grunt_ministairs_2, uniq_grinder, uniq_ijyb,
          uniq_natasha, uniq_jessica
D:4:      layout_rooms, temple_fountains, cheibrodos_sewer_entry_sluice,
          minmay_pentomino_pile
D:5:      layout_loops_ring, uniq_crazy_yiuf_cottage
D:6:      layout_basic, led_sif_book, serial_shops, kennysheep_mini_moat,
          lightli_church_of_beogh
D:7:      layout_basic, biasface_ghost_orc_armoury, uniq_menkaure
D:8:      layout_loops_ring, mainiacjoe_overflow_two_lobes, serial_rivers,
          chequers_serial_rivers_small_b, chequers_serial_rivers_micro_b,
          chequers_serial_rivers_large_b, chequers_serial_rivers_micro_e,
          chequers_serial_rivers_micro_c, chequers_serial_rivers_micro_a,
          lightli_bailey_entry_fortress, kennysheep_generic_room_2, uniq_erica
D:9:      minmay_chambers_of_sevens, layout_stronghold, serial_shops,
          nicolae_shop_tiny_waterfront, shop, shop, shop_scrolls, shop,
          uniq_grum

Action                     |  1- 3 |  4- 6 |  7- 9 | 10-12 || total
---------------------------+-------+-------+-------+-------++-------
  Melee: Dagger            |     1 |       |   314 |   148 ||   463
         Morningstar       |       |     7 |    11 |       ||    18
         Punch             |       |       |     3 |       ||     3
         Unarmed           |       |       |    16 |       ||    16
   Fire: Sling             |    93 |    63 |   255 |   212 ||   623
  Throw: Dart              |       |       |     7 |     2 ||     9
         Boomerang         |       |       |       |     1 ||     1
   Cast: Slow              |    10 |       |     1 |     2 ||    13
 Invoke: Stomp             |       |       |     1 |     1 ||     2
  Evoke: Wand              |       |       |       |    14 ||    14
    Use: Scroll            |     4 |       |    14 |     4 ||    22
         Potion            |       |     5 |     3 |     6 ||    14
   Stab: Sleeping          |       |       |     1 |       ||     1
 Armour: Robe              |    11 |       |       |       ||    11
         Chain mail        |     6 |    45 |     7 |       ||    58
         Plate armour      |       |       |   421 |       ||   421
         Leather armour    |       |       |    32 |    85 ||   117
         Steam dragon scal |       |       |       |     1 ||     1
  Dodge: Dodged            |    44 |    51 |   320 |   317 ||   732
